 Dungeon Crawl Stone Soup version 0.31-a0-112-gdf0485fa37 (webtiles) character file.

Game seed: 17307574231313623665

44 jlumianski the Trooper (level 3, -3/29 HPs)
             Began as a Demonspawn Fighter on May 27, 2023.
             Slain by a gnoll
             ... wielding a +0 halberd
              (4 damage)
             ... on level 4 of the Dungeon on May 28, 2023.
             The game lasted 00:05:34 (1207 turns).

jlumianski the Trooper (Demonspawn Fighter)         Turns: 1207, Time: 00:05:34

Health: -3/29      AC:  6    Str: 18    XL:     3   Next: 41%
Magic:  3/3        EV: 12    Int:  9    God:
Gold:   96         SH:  4    Dex: 12    Spells: 2/2 levels left

rFire   + . .        a - +0 war axe
rCold   . . .        c - +0 buckler
rNeg    . . .        j - +1 ring mail {rF+}
rPois   .            (no helmet)
rElec   .            (no cloak)
rCorr   .            (no gloves)
SInv    .            (no boots)
Will    .....        (no amulet)
Stlth   +            (no ring)
HPRegen 0.24/turn    (no ring)
MPRegen 0.08/turn

%: no passive effects
@: no status effects
A: repulsion field 1
a: no special abilities


You were on level 4 of the Dungeon.
You visited 1 branch of the dungeon, and saw 4 of its levels.

You collected 96 gold pieces.

Inventory:

Hand Weapons
 a - a +0 war axe (weapon)
Missiles
 f - 4 poisoned darts (quivered)
 g - 25 stones
Armour
 b - a +0 scale mail
 c - a +0 buckler (worn)
 j - a +1 ring mail of fire resistance (worn)
Jewellery
 l - a ring of positive energy
Scrolls
 h - a scroll of amnesia {unknown}
 i - 2 scrolls of identify {unknown}
 k - a scroll of immolation {unknown}
Potions
 d - a potion of might
 e - 2 potions of curing {unknown}


   Skills:
 + Level 3.3 Fighting
 + Level 2.4 Axes
 + Level 3.0 Armour
 + Level 0.1 Dodging
 + Level 0.1 Stealth
 + Level 3.0 Shields


You had 2 spell levels left.
You didn't know any spells.
Your spell library contained the following spells:

 Spells                   Type           Power      Damage    Failure   Level
 Summon Small Mammal      Summ           0%         N/A       65%         1
 Call Canine Familiar     Summ           0%         N/A       95%         3
 Summon Guardian Golem    Hex/Summ       0%         N/A       95%         3


Dungeon Overview and Level Annotations

Branches:
Dungeon (4/15)
 Temple: D:4-7

Altars:
Hepliaklqana

Shops:
D:1 ?


Innate Abilities, Weirdness & Mutations

You are surrounded by a mild repulsion field. (EV +2)


Message History

The adder is almost dead.
The adder barely misses you. The adder bites you but does no damage.
You barely miss the adder.
The adder is almost dead.
The adder barely misses you. x2
You miss the adder.
The adder is almost dead.
The adder bites you.
You are poisoned.
The adder poisons you!
The gnoll hits you from afar with a +0 halberd!
The adder bites you.
You feel sick.
You feel sick. The adder attacks as you move away!
The adder closely misses you.
You feel sick. The adder bites you but does no damage.
You barely miss the adder.
The adder is almost dead.
You feel sick.
You are no longer poisoned.
The adder bites you but does no damage.
You closely miss the adder.
The adder is severely wounded.
The adder bites you. The adder closely misses you.
You miss the adder.
The adder is severely wounded.
The adder bites you but does no damage. The adder bites you.
You hit the adder.
The adder is almost dead.
The adder barely misses you. The adder misses you.
You slash the adder!
You kill the adder!
You block the adder's attack.
You closely miss the adder. The adder bites you.
The gnoll hits you from afar with a +0 halberd!
* * * LOW HITPOINT WARNING * * *
The adder barely misses you.
You completely miss the adder.
The gnoll hits you from afar with a +0 halberd.
You die...

#####..##.........
#.......#.........
#......#####.
#.###..#.
####.........
#...g.........
#g##...........
#S##.###+#.....
#@#### #.... #.#
#+#


You could see a gnoll and an adder.

Vanquished Creatures
  An adder (D:4)
  A dart slug (D:1)
  An orc (D:3)
  3 ball pythons (D:1)
  4 endoplasms
  2 giant cockroaches
  A goblin (D:1)
  A hobgoblin (D:1)
  6 jackals (D:1)
  A quokka (D:2)
  2 bats (D:1)
  2 frilled lizards (D:1)
  2 kobolds (D:3)
  3 rats (D:1)
30 creatures vanquished.

Notes
Turn   | Place    | Note
-------+----------+-------------------------------------------
     0 | D:1      | jlumianski the Demonspawn Fighter began the quest for the
                  | Orb.
     0 | D:1      | Reached XP level 1. HP: 18/18 MP: 1/1
     0 | D:1      | Upgraded the game from 0.31-a0-102-g33a4ccc0cb to
                  | 0.31-a0-112-gdf0485fa37
    61 | D:1      | Found Edoyfam's Magic Scroll Emporium.
   246 | D:1      | Gained mutation: You are surrounded by a mild repulsion
                  | field. (EV +2) [demonic ancestry]
   246 | D:1      | Reached XP level 2. HP: 24/24 MP: 2/2
   919 | D:2      | Reached XP level 3. HP: 29/29 MP: 3/3
  1138 | D:3      | Found a hazy altar of Hepliaklqana.
  1206 | D:4      | HP: 1/29 [gnoll/+0 halberd (11)]
  1207 | D:4      | Slain by a gnoll

Illustrated notes

Levels and vault maps discovered:
D:1:      saegor_arrival_simple_b, layout_loops_ring, serial_shops,
          shop_fountains, serial_forest, infiniplex_forest_fountain,
          infiniplex_forest_end_3, infiniplex_forest_split,
          infiniplex_forest_end_double, infiniplex_forest_straight_2,
          infiniplex_forest_lined_3, infiniplex_forest_pool
D:2:      cheibrodos_fertilizer, layout_loops_ring, uniq_terence
D:3:      layout_basic, pf_just_have_faith, amethyst_killhole,
          minmay_fountain_box
D:4:      layout_basic, mainiacjoe_overflow_small_starburst, uniq_menkaure,
          uniq_robin

Skill      XL: |  1  2 |
---------------+-------+-----
Axes           | 2 |  2.4
Armour         | 3 |  3.0
Shields        | 3 |  3.0
Fighting       | |  3.3
Dodging        | |  0.1
Stealth        | |  0.1

Action                     || total
---------------------------++-------
  Melee: War axe           ||    96
 Armour: Scale mail        ||    12
         Ring mail         ||    24
  Dodge: Dodged            ||    47
  Block: Buckler           ||    18

Table legend: (Time is in decaauts)
 A = Elapsed time spent in this place.
 B = Non-inter-level travel time spent in this place.
 C = Inter-level travel time spent in this place.
 D = Time resting spent in this place.
 E = Time spent auto-exploring this place.
 F = Levels seen in this place.
 G = Mean time per level.
                   A        B        C        D        E       F      G
               +--------+--------+--------+--------+--------+-----+--------+
         Total |   1256 |   1256 |      0 |     57 |    710 |   4 |  314.0 |
       Dungeon |   1256 |   1256 |      0 |     57 |    710 |   4 |  314.0 |
               +--------+--------+--------+--------+--------+-----+--------+

Top non-repeatable levels by time:
     D:1: 925 daAuts
     D:3: 207 daAuts
     D:2: 62 daAuts
     D:4: 61 daAuts
